 Dungeon Crawl Stone Soup version 0.31-b1-22-gc680215f68 (webtiles) character file.

Game seed: 16231171069540667210

127 Destinykillz the Digger (level 5, -12/28 HPs)
             Began as a Gargoyle Earth Elementalist on Jan 19, 2024.
             Killed by divine providence
             ... invoked by an orc priest
              (15 damage)
             ... on level 3 of the Dungeon.
             The game lasted 00:06:03 (1958 turns).

Destinykillz the Digger (GrEE)                      Turns: 1958, Time: 00:06:04

Health: -12/28     AC:  6    Str: 11    XL:     5   Next: 11%
Magic:  7/8        EV: 12    Int: 18    God:
Gold:   89         SH:  0    Dex: 10    Spells: 3/9 levels left

rFire   . . .        r - staff of earth
rCold   + . .        (no shield)
rNeg    + . .        a - +0 robe
rPois   ∞            (no helmet)
rElec   +            (no cloak)
rCorr   .            (no gloves)
SInv    .            (no boots)
Will    .....        (no amulet)
Stlth   ++           h - ring of protection from cold
HPRegen 0.24/turn    (no ring)
MPRegen 0.11/turn

%: no passive effects
@: no status effects
A: sickness immunity, AC +4, negative energy resistance 1, electricity
resistance, torment resistance 1, petrification resistance
a: no special abilities


You were on level 3 of the Dungeon.
You visited 1 branch of the dungeon, and saw 3 of its levels.

You collected 89 gold pieces.

Inventory:

Hand Weapons
 f - a +0 dagger
Armour
 a - a +0 robe (worn)
 k - a +0 ring mail
Magical Staves
 r - a staff of earth (weapon)
Jewellery
 h - a ring of protection from cold (left hand)
 l - a ring of positive energy
Talismans
 q - a beast talisman
Scrolls
 c - a scroll of fog {unknown}
 g - 2 scrolls of identify {unknown}
 i - a scroll of vulnerability {unknown}
 j - 3 scrolls of teleportation {unknown}
 o - a scroll of poison {unknown}
 p - a scroll of enchant armour {unknown}
Potions
 d - a potion of resistance {unknown}
 e - a potion of might {unknown}
 m - a potion of mutation {unknown}
 n - a potion of cancellation {unknown}


   Skills:
 + Level 2.2 Dodging
 * Level 4.0 Stealth
 + Level 2.5 Spellcasting
 + Level 2.2 Conjurations
 + Level 4.2 Earth Magic


You had 3 spell levels left.
You knew the following spells:

 Your Spells              Type           Power      Damage    Failure   Level
a - Sandblast             Erth           52%        2d12      3%          1
b - Stone Arrow           Conj/Erth      42%        3d9       14%         3
c - Blink                 Tloc           4%         N/A       26%         2

Your spell library contained the following spells:

 Spells                   Type           Power      Damage    Failure   Level
 Passwall                 Erth           26%        N/A       9%          3
 Momentum Strike          Conj/Tloc      12%        3d8       16%         2
 Lesser Beckoning         Tloc           4%         N/A       26%         2
 Brom's Barrelling Bould  Conj/Erth      21%        2d4       41%         4
 Petrify                  Alch/Erth      14%        N/A       56%         4


Dungeon Overview and Level Annotations

Branches:
Dungeon (3/15)

Altars:


Innate Abilities, Weirdness & Mutations

You are immune to sickness and miasma.
Your stone body is resilient. (AC +4)
You are immune to poison.
You resist negative energy. (rN+)
You are resistant to electric shocks. (rElec)
You are resistant to unholy torment.
You are immune to petrification.


Message History

The orc priest looks braver for a moment.
Casting: Sandblast (safe; 3% risk of failure)
Confirm with . or Enter, or press ? or * to list all spells.
Aiming: Sandblast (safe; 3% risk of failure)
Press: ? - help, Shift-Dir - straight line, f - orc priest
Aim: an orc priest, wielding a +0 hand axe and wearing a +0 leather armour (83% to hit)
You feel a surge of power!
The blast of sand hits the orc priest!
You kill the orc priest!
Your Stealth skill increases to level 4!
You have reached level 5!
You hit the orc priest but do no damage.
The orc priest barely misses you.
You hit the orc priest but do no damage.
The orc priest hits you but does no damage.
You barely miss the orc priest. The orc priest misses you.
The orc priest hits you but does no damage.
You hit the orc priest but do no damage.
The orc priest hits you with a +0 short sword.
* * * LOW HITPOINT WARNING * * *
Casting: Sandblast (safe; 3% risk of failure)
Confirm with . or Enter, or press ? or * to list all spells.
Aiming: Sandblast (safe; 3% risk of failure)
Press: ? - help, Shift-Dir - straight line, f - orc priest
Aim: an orc priest, wielding a +0 short sword and wearing a +0 ring mail (85% to hit)
You feel a surge of power!
The blast of sand hits the orc priest.
The orc priest is lightly wounded.
The orc priest barely misses you. Magic courses through your body.
The orc priest hits you but does no damage.
Casting: Sandblast (safe; 3% risk of failure)
Confirm with . or Enter, or press ? or * to list all spells.
Aiming: Sandblast (safe; 3% risk of failure)
Press: ? - help, Shift-Dir - straight line, f/p - orc priest
Aim: an orc priest, wielding a +0 short sword and wearing a +0 ring mail (lightly wounded, 85% to hit)
You feel a surge of power!
The blast of sand hits the orc priest!
The orc priest is almost dead.
The orc priest mumbles some strange prayers to Beogh against you.
Beogh smites you!
Ouch! That really hurt!
You die...

##### # ## ##...##
###.##.############.....##
....#.#.)......[.........##
#.<....#.......##..(......#
......)##.####.............
#.o)#.## ####.........#
#.#.####### ##.....<.##
#...o@...# ##........
########.######....###
..........# # #######.### #
#.##### #...... #.##...
#.##.## #.##.#


You could see an orc priest.

Vanquished Creatures
  An orc priest (D:3)
  Jessica (D:2)
  An orc wizard (D:3)
  A dart slug (D:1)
  2 orcs (D:3)
  2 bats
  3 endoplasms
  A giant cockroach (D:1)
  A goblin (D:2)
  5 hobgoblins
  7 jackals (D:1)
  2 quokkas (D:1)
  5 ball pythons
  A frilled lizard (D:2)
  3 kobolds
  3 rats
39 creatures vanquished.

Notes
Turn   | Place    | Note
-------+----------+-------------------------------------------
     0 | D:1      | Destinykillz the Gargoyle Earth Elementalist began the
                  | quest for the Orb.
     0 | D:1      | Reached XP level 1. HP: 10/10 MP: 3/3
   161 | D:1      | Found a faded altar of an unknown god.
   257 | D:1      | Reached XP level 2. HP: 12/15 MP: 0/5
   769 | D:1      | Reached XP level 3. HP: 19/19 MP: 2/6
  1602 | D:2      | Noticed Jessica
  1608 | D:2      | Learned a level 3 spell: Stone Arrow
  1611 | D:2      | Learned a level 2 spell: Blink
  1618 | D:2      | Killed Jessica
  1619 | D:2      | Reached XP level 4. HP: 24/24 MP: 5/7
  1952 | D:3      | Reached XP level 5. HP: 4/28 MP: 0/8
  1958 | D:3      | Killed from afar by an orc priest

Illustrated notes

Levels and vault maps discovered:
D:1:      sevenhm_arrival_forest_fort_small_5, layout_basic,
          chequers_ecumenical_altar_island
D:2:      layout_rooms, uniq_jessica
D:3:      layout_loops_ring, nicolae_kikubaaqudgha_miasma_corner,
          grunt_decor_clamped

Skill      XL: |  1  2  3  4 |
---------------+-------------+-----
Stealth        | 3 4 |  4.0
Dodging        | 2 |  2.2
Earth Magic    | 4 |  4.2
Conjurations   | 2 |  2.2
Spellcasting   | |  2.5

Action                     |  1- 3 |  4- 6 || total
---------------------------+-------+-------++-------
  Melee: Unarmed           |     4 |       ||     4
         Staff             |       |     4 ||     4
   Cast: Sandblast         |    43 |    18 ||    61
    Use: Potion            |       |     1 ||     1
 Armour: Robe              |    14 |     6 ||    20
  Dodge: Dodged            |    18 |     8 ||    26
